 Dungeon Crawl Stone Soup version 0.28.0-53-g5a82cb258f (webtiles) character file.

Game seed: 6304651074951827760

14 NateTC the Skirmisher (level 2, -1/28 HPs)
             Began as a Deep Dwarf Fighter on June 6, 2022.
             Slain by a gnoll
             ... wielding a +0 halberd
              (6 damage)
             ... on level 2 of the Dungeon.
             The game lasted 00:02:36 (930 turns).

NateTC the Skirmisher (Deep Dwarf Fighter)           Turns: 930, Time: 00:02:38

Health: -1/28      AC:  6    Str: 19    XL:     2   Next: 31%
Magic:  1/1        EV:  9    Int: 14    God:
Gold:   37         SH:  4    Dex: 12    Spells: 1/1 levels left

rFire   . . .      SeeInvis .   a - +0 war axe
rCold   . . .      Faith    .   c - +0 buckler
rNeg    . . .      Spirit   .   b - +0 scale mail
rPois   .          Reflect  .   (no helmet)
rElec   .          Harm     .   (no cloak)
rCorr   .          Rampage  .   (no gloves)
Will    .....                   (no boots)
Stlth   ..........              (no amulet)
HPRegen 0.00/turn               e - ring of flight
MPRegen 0.07/turn               h - +6 ring of intelligence

@: mighty, flying
A: damage resistance, heal wounds, sense surroundings 1, no regeneration
a: Heal Wounds


You were on level 2 of the Dungeon.
You visited 1 branch of the dungeon, and saw 2 of its levels.

You collected 37 gold pieces.

Inventory:

Hand Weapons
 a - a +0 war axe (weapon)
Armour
 b - a +0 scale mail (worn)
 c - a +0 buckler (worn)
Jewellery
 e - a ring of flight (left hand)
 h - a +6 ring of intelligence (right hand)


   Skills:
 * Level 3.4 Fighting
 - Level 2.1 Axes
 - Level 3.2 Armour
 - Level 3.2 Shields


You had one spell level left.
You didn't know any spells.
Your spell library was empty.

Dungeon Overview and Level Annotations

Branches:
Dungeon (2/15)

Altars:


Innate Abilities, Weirdness & Mutations

You are resistant to damage.
You can heal yourself by infusing magical energy.
You passively map a small area around you.
You do not regenerate.


Message History

You slash the gnoll!
The gnoll is severely wounded.
You slash the rat!
You kill the rat!
An adder comes into view.
You block the gnoll's attack.
A hobgoblin comes into view.
The quokka bites you but does no damage.
Okay, then.
You feel very mighty all of a sudden.
The hobgoblin shouts!
The adder hisses angrily.
The gnoll barely misses you. The quokka misses you.
A rat comes into view.
Found a sedimented brown potion.
The goblin hits you but does no damage. The gnoll closely misses you.
The gnoll hits you from afar with a +0 halberd!
The quokka bites you. The gnoll closely misses you.
The gnoll barely misses you. The gnoll hits you with a +0 spear.
The gnoll barely misses you.
You hit the gnoll but do no damage. You barely miss the goblin.
You hit the gnoll. You slash the gnoll! You hit the adder.
You closely miss the gnoll. The goblin hits you with a +0 dagger.
The gnoll hits you with a +0 flail. You block the gnoll's attack.
The adder bites you. The gnoll closely misses you. The gnoll misses you.
The quokka barely misses you. The goblin hits you with a +0 dagger.
The gnoll barely misses you. The gnoll hits you with a +0 flail.
The adder bites you. The gnoll barely misses you.
You completely miss the gnoll. You barely miss the quokka.
The goblin blocks your attack.
You closely miss the gnoll. You slash the gnoll!
You kill the gnoll!
You miss the adder. You closely miss the gnoll. The quokka bites you.
The gnoll hits you with a +0 halberd.
* * * LOW HITPOINT WARNING * * *
The adder barely misses you. The goblin hits you but does no damage.
The gnoll hits you with a +0 halberd.
* * * LOW HITPOINT WARNING * * *
The gnoll completely misses you.
The quokka bites you but does no damage.
The gnoll hits you with a +0 halberd!
You die...

#..# #....#
#..####....#*
#........... ###
####.####...
...* #....#
##+#'#####'####
#...........# *,
, #.....rgg†..#
,, ,
#.....g@)...#
+....rgSg...# *
* #...........#
, ,
#..............
+......$....#..
,,
#...........#...
, ,
..!.........# ..
............# ,
, , , ,


You could see 3 gnolls, an adder, a quokka, a hobgoblin, a goblin and a rat.

Vanquished Creatures
  A gnoll (D:2)
  2 endoplasms (D:1)
  2 giant cockroaches (D:2)
  2 goblins (D:1)
  A hobgoblin (D:1)
  A quokka (D:1)
  2 ball pythons (D:1)
  A kobold (D:1)
  2 rats
14 creatures vanquished.

Notes
Turn   | Place    | Note
-------+----------+-------------------------------------------
     0 | D:1      | NateTC the Deep Dwarf Fighter began the quest for the Orb.
     0 | D:1      | Reached XP level 1. HP: 20/20 MP: 1/1
   448 | D:1      | Reached XP level 2. HP: 25/28 MP: 2/2
   462 | D:1      | Found a faded altar of an unknown god.
   923 | D:2      | Identified the +0 buckler "Omeygee" {rC+ rN+ Will- Str+4}
   930 | D:2      | Slain by a gnoll

Illustrated notes

Levels and vault maps discovered:
D:1:      onia_arrival_mini_spirals, layout_loops_ring,
          hellmonk_ecumenical_altar_zigzags
D:2:      layout_basic, serial_shops, nicolae_shop_waterfront

Skill      XL: |  1 |
---------------+----+-----
Fighting       | 3 |  3.4
Axes           | |  2.1
Armour         | |  3.2
Shields        | |  3.2

Action                   || total
-------------------------++-------
Melee: War axe           ||    37
 Abil: Heal Wounds       ||     1
  Use: Scroll            ||     2
       Potion            ||     1
Armor: Scale mail        ||    24
Dodge: Dodged            ||    25
Block: Buckler           ||     7
